 Dungeon Crawl Stone Soup version 0.18.1-48-g4cf74bf (webtiles) character file.

12010 nikopol the Cleaver (level 11, -5/101 HPs)
             Began as a Minotaur Berserker on Sept 5, 2016.
             Was a High Priest of Trog.
             Slain by an unseen horror (10 damage)
             ... on level 11 of the Dungeon.
             The game lasted 00:30:19 (10675 turns).

nikopol the Cleaver (Minotaur Berserker)           Turns: 10675, Time: 00:30:19

Health: -5/101     AC: 14    Str: 22    XL:     11   Next: 56%
Magic:  20/20      EV: 16    Int:  9    God:    Trog [*****.]
Gold:   718        SH:  0    Dex: 13    Spells: 0 memorised, 10 levels left

rFire  + . .     SeeInvis .     a - +1 hand axe (elec)
rCold  . . .     Gourm    .     d - +0 ring mail
rNeg   . . .     Faith    .     (no shield)
rPois  +         Spirit   .     F - +3 hat of Pondering {ponderous, MR+ MP+10 Int+5}
rElec  .         Dismiss  .     o - +0 cloak
rCorr  .         Reflect  .     A - +0 pair of gloves
SustAt .         Harm     .     P - +0 pair of boots (curse)
MR     +....                    (no amulet)
Stlth  +.........               b - ring of protection from fire
                                l - ring of poison resistance (curse)

@: slow, somewhat resistant to hostile enchantments, very unstealthy
A: retaliatory headbutt, horns 2
a: Berserk, Trog's Hand, Brothers in Arms, Burn Spellbooks, Renounce Religion


You were on level 11 of the Dungeon.
You worshipped Trog.
Trog was extremely pleased with you.
You were near starving.

You visited 1 branch of the dungeon, and saw 11 of its levels.

You collected 718 gold pieces.

Inventory:

Hand Weapons
 a - a +1 hand axe of electrocution (weapon)
 z - a +2 shortbow of evasion
 M - a +0 battleaxe of electrocution
 Q - a +2 longbow of flaming
Missiles
 j - 205 arrows (quivered)
Armour
 d - a +0 ring mail (worn)
 n - a +2 chain mail of fire resistance
 o - a +0 cloak (worn)
 A - a +0 pair of gloves (worn)
 E - a +0 ring mail of cold resistance
 F - the +3 hat of Pondering (worn) {ponderous, MR+ MP+10 Int+5}
   (You took it off Gastronok on level 9 of the Dungeon)

   It affects your intelligence (+5).
   It affects your resistance to hostile enchantments.
   It affects your magic capacity (+10).
 P - a cursed +0 pair of boots (worn)
Jewellery
 b - a ring of protection from fire (right hand)
 l - a cursed ring of poison resistance (left hand)
 L - the ring "Guecvacsa" {*Confuse +Fly rN+++ MR+ Int+3}
   (You found it on level 7 of the Dungeon)

   [ring of flight]

   It affects your intelligence (+3).
   It renders you almost immune to negative energy.
   It affects your resistance to hostile enchantments.
   It lets you fly.
   It may confuse you when you take damage.
Wands
 v - a wand of digging (9/24)
 N - a wand of slowing (14/48)
Scrolls
 e - a scroll of immolation {unknown}
 h - 5 scrolls of teleportation {unknown}
 i - 2 scrolls of noise {unknown}
 p - a scroll of enchant armour {unknown}
 q - a scroll of fear {unknown}
 x - 2 scrolls of enchant weapon {unknown}
 y - 3 scrolls of remove curse {unknown}
 B - 2 scrolls of magic mapping {unknown}
 D - a scroll of recharging {unknown}
 G - 3 scrolls of amnesia {unknown}
 J - a scroll of blinking {unknown}
 K - a scroll of fog {unknown}
 O - 2 scrolls of identify
Potions
 g - 6 potions of lignification
 k - 3 potions of curing
 m - a potion of might
 r - 2 potions of resistance
 t - 2 potions of heal wounds
 w - a potion of ambrosia
 C - a potion of flight {unknown}
 I - 3 potions of agility
Comestibles
 c - 14 bread rations
 f - 22 fruits
 s - 3 royal jellies
 u - 2 meat rations
 H - 2 slices of pizza


   Skills:
 + Level 10.5 Fighting
 * Level 12.1 Axes
 * Level 7.7 Bows
 + Level 9.9 Armour
 + Level 9.2 Dodging


You had 10 spell levels left.
You didn't know any spells.

Dungeon Overview and Level Annotations

Branches:
Dungeon (11/15)            Temple (0/1) D:4
   Lair: D:8-11         Orc: D:9-12

Altars:
Ashenzari
Gozag
Kikubaaqudgha
Okawaru
Qazlal
Trog
Xom
Yredelemnul

Shops:
D:4 (   D:6 ?


Innate Abilities, Weirdness & Mutations

You reflexively headbutt those who attack you in melee.
You have a pair of horns on your head.


Message History

Something completely misses you. Something hits you but does no damage.
Something hits you.
* * * LOW HITPOINT WARNING * * *
Something hits you!
* * * LOW HITPOINT WARNING * * *
Your skin stops crawling.
You feel less resistant to hostile enchantments.
Something barely misses you. Something hits you but does no damage.
You hit something. You headbutt something.
Something hits you but does no damage. Something hits you!
* * * LOW HITPOINT WARNING * * *
Something hits you.
* * * LOW HITPOINT WARNING * * *
Something hits you!
* * * LOW HITPOINT WARNING * * *
Something hits you!
You die...

#.......#♣.. ......
#.......#♣.o ......
#.......♣♣o.♣WP....
#.......♣♣♣♣†♣.....
#.........)♣[.♣
#.......#♣.))♣♣
######....♣♣♣♣
##########...P♣
#...@.........♣
##'########..♣♣.♣
#....# #.♣♣ .♣
#....### ### .
#....'.######
#....#......#
#....#......#
######......♣ ♣
#.#####♣ .♣ .♣


There were no monsters in sight!

Vanquished Creatures
  Gastronok (D:9)
  A hydra (D:11)
  The ghost of nikopol the Cleaver, a novice MiBe of Trog (D:7)
  An unseen horror (D:10)
  Pikel (D:5)
  A manticore (D:9)
  2 trolls
  A two-headed ogre (D:6)
  Prince Ribbit (D:7)
  2 wyverns
  Sigmund (D:3)
  Eustachio (D:6)
  2 hippogriffs
  2 hungry ghosts
  Grum (D:9)
  Menkaure (D:5)
  A soldier ant (D:11)
  A water moccasin (D:8)
  A slave (D:5)
  The ghost of lawna the Ducker, an amateur TrFi of Makhleb (D:3)
  3 ice beasts
  A sky beast (D:6)
  An orc warrior (D:11)
  3 black bears (D:6)
  4 ogres
  2 wasps
  2 wolves (D:9)
  2 phantoms
  6 centaurs
  3 big kobolds
  5 giant frogs
  Blork the orc (D:4)
  4 gnoll sergeants
  2 scorpions
  4 killer bees (D:9)
  5 wights (D:7)
  8 howler monkeys
  4 spriggan skeletons (D:9)
  5 crimson imps
  A giant frog zombie (D:10)
  6 jellies
  3 hounds
  4 centaur skeletons
  A giant frog skeleton (D:11)
  An orc priest (D:10)
  6 iguanas
  Jessica (D:3)
  6 orc wizards
  Natasha (D:2)
  7 worker ants
  Robin (D:3)
  9 adders
  15 gnolls
  A howler monkey skeleton (D:8)
  4 shadow imps
  2 oozes
  An adder skeleton (D:4)
  2 adder zombies
  2 worms
  3 dart slugs
  9 giant geckos
  22 orcs
  2 ball pythons
  4 giant cockroaches
  15 goblins
  9 hobgoblins
  3 jackals
  4 quokkas
  6 bats
  A giant gecko skeleton (D:4)
  6 giant newts
  22 kobolds
  A quokka zombie (D:6)
  2 rats (D:2)
  A plant (D:11)
273 creatures vanquished.

Vanquished Creatures (others)
  A giant frog skeleton (D:5)
  4 plants (D:11)
5 creatures vanquished.

Grand Total: 278 creatures vanquished

Notes
Turn   | Place    | Note
--------------------------------------------------------------
     0 | D:1      | nikopol the Minotaur Berserker began the quest for the Orb.
     0 | D:1      | Reached XP level 1. HP: 19/19 MP: 0/0
   234 | D:1      | You fall through a shaft!
   372 | D:2      | Reached XP level 2. HP: 24/27 MP: 1/1
   729 | D:1      | Reached XP level 3. HP: 33/33 MP: 2/2
   791 | D:1      | Reached skill level 4 in Axes
  1384 | D:2      | Reached ** piety under Trog
  1692 | D:2      | Found an opulent altar of Gozag.
  1694 | D:2      | Found an iron altar of Okawaru.
  1697 | D:2      | Found a basalt altar of Yredelemnul.
  1698 | D:2      | Found a stormy altar of Qazlal.
  1737 | D:3      | Noticed Jessica
  1739 | D:3      | Noticed Natasha
  1739 | D:3      | Killed Jessica
  1739 | D:3      | Reached XP level 4. HP: 37/40 MP: 3/3
  1740 | D:3      | Noticed Robin
  1750 | D:2      | Killed Natasha
  1854 | D:3      | Killed Robin
  1854 | D:3      | Reached XP level 5. HP: 42/47 MP: 4/4
  1891 | D:3      | Found a shimmering altar of Xom.
  1891 | D:3      | Found a shimmering altar of Xom.
  1989 | D:3      | Found a shimmering altar of Xom.
  2066 | D:3      | Reached *** piety under Trog
  2076 | D:3      | Noticed lawna's ghost (amateur TrFi)
  2084 | D:3      | Killed lawna's ghost
  2084 | D:3      | Reached skill level 5 in Fighting
  2084 | D:3      | Reached skill level 5 in Axes
  2084 | D:3      | Reached XP level 6. HP: 37/56 MP: 5/5
  2433 | D:3      | Noticed Sigmund
  2439 | D:3      | Killed Sigmund
  2682 | D:4      | Found Taebug's Antique Weapon Shoppe.
  2731 | D:4      | Found a staircase to the Ecumenical Temple.
  2847 | D:4      | Noticed Blork the orc
  2854 | D:4      | Killed Blork the orc
  2854 | D:4      | Reached XP level 7. HP: 61/61 MP: 6/6
  2970 | D:4      | Reached skill level 5 in Armour
  3370 | D:5      | Entered Level 5 of the Dungeon
  3370 | D:5      | Noticed Pikel
  3380 | D:5      | Killed Pikel
  3380 | D:5      | Reached skill level 6 in Axes
  3380 | D:5      | Reached skill level 5 in Dodging
  3380 | D:5      | Reached XP level 8. HP: 71/71 MP: 7/7
  3526 | D:5      | Found a shattered altar of Ashenzari.
  3632 | D:5      | Noticed Menkaure
  3638 | D:5      | Killed Menkaure
  3638 | D:5      | Reached skill level 7 in Axes
  4144 | D:6      | Found a bloodstained altar of Trog.
  4263 | D:6      | Received a gift from Trog
  4556 | D:6      | Found Yxocsotu's Magic Scroll Shoppe.
  4562 | D:6      | Found a shattered altar of Ashenzari.
  4677 | D:6      | Noticed Eustachio
  4694 | D:6      | Killed Eustachio
  4694 | D:6      | Reached XP level 9. HP: 81/81 MP: 8/8
  4778 | D:6      | Reached skill level 8 in Axes
  4882 | D:6      | Reached **** piety under Trog
  5192 | D:7      | Noticed Prince Ribbit
  5429 | D:7      | Got a scintillating ivory ring
  5431 | D:7      | Identified the ring "Guecvacsa" {*Confuse +Fly rN+++ MR+ Int+3} (You found it on level 7 of the Dungeon)
  5464 | D:7      | Noticed nikopol's ghost (novice MiBe)
  5483 | D:7      | Killed nikopol's ghost
  5483 | D:7      | Reached skill level 9 in Axes
  5487 | D:7      | HP: 4/123 [poisoned by nikopol's ghost]
  6014 | D:7      | Killed Prince Ribbit
  6248 | D:8      | Noticed a troll
  6257 | D:8      | Killed a troll
  6257 | D:8      | Reached XP level 10. HP: 78/91 MP: 9/9
  6614 | D:8      | Reached skill level 10 in Axes
  6691 | D:8      | Found a shimmering altar of Xom.
  6893 | D:8      | Received a gift from Trog
  7717 | D:9      | Noticed a manticore
  7730 | D:9      | Killed a manticore
  7730 | D:9      | Reached skill level 5 in Bows
  7999 | D:9      | Found an ancient bone altar of Kikubaaqudgha.
  8031 | D:9      | Reached ***** piety under Trog
  8167 | D:9      | Noticed Grum
  8180 | D:9      | Killed Grum
  8392 | D:9      | Reached skill level 11 in Axes
  8636 | D:10     | Entered Level 10 of the Dungeon
  8636 | D:10     | Noticed Gastronok
  8654 | D:9      | Killed Gastronok
  8654 | D:9      | Reached skill level 10 in Fighting
  8654 | D:9      | Reached XP level 11. HP: 49/99 MP: 10/10
  9613 | D:10     | Received a gift from Trog
  9707 | D:10     | Killed an unseen horror
 10301 | D:11     | Noticed a six-headed hydra
 10313 | D:11     | Killed a 12-headed hydra
 10313 | D:11     | Reached skill level 12 in Axes
 10607 | D:11     | Received a gift from Trog
 10674 | D:11     | HP: 5/101 [something (9)]
 10675 | D:11     | Slain by an unseen horror

Skill      XL: |  1  2  3  4  5  6  7  8  9 10 11 |
---------------+----------------------------------+-----
Axes           | 4 5 6 7 9 11 12 | 12.1
Fighting       | 4 5 6 7 9 10 | 10.5
Dodging        | 3 4 5 6 7 8 9 |  9.2
Armour         | 3 4 5 7 8 9 |  9.9
Bows           | 3 6 7 |  7.7

Action                   |  1- 3 |  4- 6 |  7- 9 | 10-12 || total
-------------------------+-------+-------+-------+-------++-------
Melee: Hand axe          |    67 |    80 |   190 |   287 ||   624
       Headbutt          |    16 |    15 |    40 |    62 ||   133
 Fire: Shortbow          |       |       |    16 |   247 ||   263
Invok: Berserk           |     1 |     3 |     4 |     4 ||    12
       Burn Spellbooks   |       |       |     2 |       ||     2
       Trog's Hand       |       |       |     1 |     2 ||     3
  Use: Scroll            |       |       |     4 |     2 ||     6
       Potion            |       |       |     2 |       ||     2
  Eat: Chunk             |     3 |     6 |    12 |    16 ||    37
       Beef jerky        |       |       |     2 |     1 ||     3
       Royal jelly       |       |       |     1 |     1 ||     2
       Fruit             |       |       |       |     1 ||     1
Armor: Ring mail         |    16 |    25 |    55 |   138 ||   234
Dodge: Dodged            |    53 |    54 |   131 |   291 ||   529
